 Dungeon Crawl Stone Soup version 0.20.0 (webtiles) character file.

136 BarneyGumball the Cudgeler (level 5, -1/32 HPs)
             Began as a Gargoyle Abyssal Knight on June 3, 2017.
             Was a Believer of Lugonu.
             Killed from afar by Natasha (9 damage)
             ... with a wand of flame (?/48)
             ... on level 2 of the Dungeon.
             The game lasted 00:07:19 (2069 turns).

BarneyGumball the Cudgeler (GrAK)                   Turns: 2069, Time: 00:07:20

Health: -1/32      AC:  8    Str: 16    XL:     5   Next: 19%
Magic:  7/7        EV: 11    Int: 13    God:    Lugonu [**....]
Gold:   57         SH:  0    Dex:  9    Spells: 4/4 levels left

rFire    . . .     SeeInvis .   a - +1 mace
rCold    . . .     Gourm    .   (no shield)
rNeg     + . .     Faith    .   b - +0 leather armour
rPois    ∞         Spirit   .   q - +0 helmet
rElec    +         Reflect  .   (no cloak)
rCorr    .         Harm     .   (no gloves)
MR       .....                  (no boots)
Stlth    +.........             (no amulet)
Regen    0.1/turn               (no ring)
MPRegen  0.1/turn               (no ring)

@: slowed, very slow
A: negative energy resistance 1, electricity resistance, unbreathing,
petrification resistance, rot immunity, AC +4
a: Depart the Abyss, Bend Space, Renounce Religion


You were on level 2 of the Dungeon.
You worshipped Lugonu.
Lugonu was pleased with you.
You were not hungry.

You visited 1 branch of the dungeon, and saw 2 of its levels.
You visited the Abyss 1 time.

You collected 57 gold pieces.

Inventory:

Hand Weapons
 a - a +1 mace (weapon)
Missiles
 h - 4 tomahawks of returning (quivered)
Armour
 b - a +0 leather armour (worn)
 q - a +0 helmet (worn)
Jewellery
 k - an uncursed amulet of guardian spirit
Scrolls
 e - a scroll of amnesia {unknown}
 f - a scroll of identify {unknown}
 i - a scroll of random uselessness {unknown}
 j - 2 scrolls of remove curse {unknown}
 m - a scroll of magic mapping {unknown}
Potions
 d - 2 potions of curing {unknown}
 g - a potion of cancellation {unknown}
 l - a potion of might {unknown}
 n - a potion of haste {unknown}
 o - 2 potions of heal wounds {unknown}
Comestibles
 c - 5 bread rations
 p - a chunk of flesh
 r - 4 fruits


   Skills:
 - Level 3.2 Fighting
 * Level 4.6 Maces & Flails
 - Level 2.1 Armour
 - Level 0.7 Dodging
 + Level 3.2 Invocations


You had 4 spell levels left.
You didn't know any spells.

Dungeon Overview and Level Annotations

Branches:
Dungeon (2/15)

Altars:

Annotations:
D:2 Natasha


Innate Abilities, Weirdness & Mutations

You are resistant to torment.
Your stone body is resilient. (AC +4)
You are immune to poison.
You resist negative energy. (rN+)
You are resistant to electric shocks. (rElec)
You can survive without breathing.
You are immune to petrification.
You are immune to rotting.


Message History

Natasha is lightly wounded.
Natasha howls an incantation.
You feel troubled. Natasha claws you. Natasha barely misses you.
You closely miss Natasha.
Natasha is lightly wounded.
Natasha claws you but does no damage.
Natasha growls.
Natasha stares at you and mumbles some strange words.
The magic dart hits you!
You hit Natasha.
Natasha is heavily wounded.
Natasha barely misses you.
You barely miss Natasha.
Natasha is heavily wounded.
Natasha casts a spell at you. The magic dart hits you!
* * * LOW HITPOINT WARNING * * *
Natasha zaps a wand.
The puff of flame hits you!
You die...

#.###..............#
#......#.#...###.#.#
#.#....#.........#.#
#...............##.######
#........#...#####.......
#.......................#
#.......b5............... #######
##.....#h#########....... ......#
##...##@# #......( #####.#
######.## #.#÷.... #.## #...#
#.##.##. #..# #...# ####.##.##.
##.# #...# #.......... #)#
#####(..#####.......#.#
######.####..........(#...##....#
....##....................##.#...
###†##..###.......[...###.##.#..#


You could see Natasha, a shadow imp and a bat.

Vanquished Creatures
  Natasha (D:2)
  Robin (D:2)
  4 adders (D:2)
  A worm (D:2)
  2 dart slugs (D:2)
  3 leopard geckos
  2 ball pythons (D:2)
  2 giant cockroaches
  13 goblins
  5 hobgoblins
  A quokka (D:2)
  5 bats
  3 frilled lizards (D:1)
  5 kobolds
  7 rats
55 creatures vanquished.

Notes
Turn   | Place    | Note
-------+----------+-------------------------------------------
     0 | Abyss:1  | BarneyGumball the Gargoyle Abyssal Knight began the quest for the Orb.
     0 | Abyss:1  | Reached XP level 1. HP: 14/14 MP: 2/2
    28 | D:1      | Escaped the Abyss
   180 | D:1      | Reached XP level 2. HP: 19/19 MP: 3/3
   759 | D:1      | Reached ** piety under Lugonu
   794 | D:1      | Reached skill level 3 in Maces & Flails
   887 | D:2      | Reached XP level 3. HP: 22/23 MP: 4/4
  1269 | D:2      | Noticed Robin
  1279 | D:2      | Reached XP level 4. HP: 25/28 MP: 6/6
  1488 | D:2      | Killed Robin
  1488 | D:2      | Reached skill level 4 in Maces & Flails
  1855 | D:2      | Noticed Natasha
  1859 | D:2      | Killed Natasha
  1859 | D:2      | Reached XP level 5. HP: 28/32 MP: 7/7
  2052 | D:2      | Noticed Natasha
  2069 | D:2      | Killed from afar by Natasha

Skill      XL: |  1  2  3  4 |
---------------+-------------+-----
Maces & Flails | 3 4 |  4.6
Invocations    | 3 |  3.2
Fighting       | |  3.2
Armour         | |  2.1
Dodging        | |  0.7

Action                   |  1- 3 |  4- 6 || total
-------------------------+-------+-------++-------
Melee: Mace              |   102 |    84 ||   186
Invok: Bend Space        |       |     1 ||     1
  Eat: Chunk             |     1 |     3 ||     4
Armor: Leather armour    |    49 |    39 ||    88
Dodge: Dodged            |    58 |    70 ||   128
